 Dungeon Crawl Stone Soup version 0.31-a0-229-g1fc7ce9 (webtiles) character file.

Game seed: 884876765400554022

42347 Dawnplanks the Stormcaller (level 14, -6/70 HPs)
             Began as a Tengu Air Elementalist on July 6, 2023.
             Was a High Priest of Vehumet.
             Engulfed by a cloud of freezing vapour (23 damage)
             ... on level 5 of the Lair of Beasts.
             The game lasted 00:55:57 (21805 turns).

Dawnplanks the Stormcaller (TeAE)                  Turns: 21805, Time: 00:55:57

Health: -6/70      AC:  8    Str:  9    XL:     14   Next: 19%
Magic:  11/33      EV: 38    Int: 19    God:    Vehumet [*****.]
Gold:   940        SH:  0    Dex: 22    Spells: 15/42 levels left

rFire   . . .        o - staff of air
rCold   . . .        (no shield)
rNeg    . . .        a - +0 robe
rPois   +            (helmet restricted)
rElec   +            R - +2 cloak
rCorr   .            b - +2 pair of gloves
SInv    .            (boots unavailable)
Will    +....        L - amulet "Mogiaggu" {Acrobat Dex+6}
Stlth   ++           n - +5 ring of evasion
HPRegen 0.31/turn    H - ring of poison resistance
MPRegen 0.23/turn

%: acrobat
@: acrobatic, flying quickly and evasively, studying Shields, quick
A: beak, talons 3, nimble flight, noise suppression
a: Renounce Religion


You were on level 5 of the Lair of Beasts.
You worshipped Vehumet.
Vehumet was extremely pleased with you.
You visited 3 branches of the dungeon, and saw 16 of its levels.
You also visited: Bailey and Volcano.

You collected 1176 gold pieces.
You spent 236 gold pieces at shops.

Inventory:

Hand Weapons
 l - the +3 scimitar of the Onslaught {freeze, rPois Str+5}
   (You found it on level 10 of the Dungeon)

   Str:       It affects your strength (+5).
   rPois:     It protects you from poison.
 O - a +5 mace of freezing
Missiles
 T - a throwing net
Armour
 a - a +0 robe (worn)
 b - a +2 pair of gloves (worn)
 R - a +2 cloak (worn)
Magical Staves
 o - a staff of air (weapon)
Jewellery
 d - a +6 ring of strength
 n - a +5 ring of evasion (left hand)
 w - a ring of protection from cold
 D - a ring of positive energy
 F - a ring of fire
 H - a ring of poison resistance (right hand)
 J - a ring of see invisible
 L - the amulet "Mogiaggu" (around neck) {Acrobat Dex+6}
   (You acquired it in a bailey)

   [amulet of the acrobat]

   It increases your evasion while moving and waiting.
   Dex:       It affects your dexterity (+6).
 X - a ring of resist corrosion
Wands
 x - a wand of polymorph (3)
 y - a wand of acid (8)
 A - a wand of flame (46)
 C - a wand of mindburst (1)
 P - a wand of iceblast (9)
Scrolls
 c - a scroll of revelation
 e - 2 scrolls of blinking {unknown}
 i - 5 scrolls of vulnerability
 j - 2 scrolls of poison
 k - 4 scrolls of teleportation
 m - a scroll of fear
 r - a scroll of silence
 s - a scroll of torment
 v - 4 scrolls of amnesia
 B - 3 scrolls of noise {unknown}
 G - 2 scrolls of enchant weapon {unknown}
 N - 2 scrolls of immolation
 Q - 2 scrolls of enchant armour
 V - 2 scrolls of fog {unknown}
Potions
 f - 7 potions of heal wounds {unknown}
 g - 2 potions of attraction
 h - 3 potions of enlightenment
 p - 4 potions of cancellation
 q - 7 potions of might {unknown}
 t - 2 potions of brilliance
 u - 2 potions of haste {unknown}
 z - 3 potions of curing {unknown}
 E - 2 potions of ambrosia {unknown}
 I - 2 potions of invisibility {unknown}
 K - 3 potions of magic
 M - a potion of berserk rage {unknown}
 S - a potion of resistance {unknown}
 W - a potion of mutation
Miscellaneous
 U - a phantom mirror


   Skills:
 + Level 1.5 Fighting
 + Level 2.3 Staves
 + Level 5.1 Dodging
 - Level 2.0 Stealth
 + Level 14.7 Spellcasting
 + Level 11.6 Conjurations
 + Level 1.9 Ice Magic
 + Level 19.3 Air Magic
 - Level 1.4 Poison Magic
 + Level 0.9 Evocations


You had 15 spell levels left.
You knew the following spells:

 Your Spells              Type           Power      Damage    Failure   Level
a - Shock                 Conj/Air       100%       1d9       0%          1
b - Mephitic Cloud        Conj/Pois/Air  70%        N/A       1%          3
c - Airstrike             Air            46%        2d(7-23)  0%          4
d - Freezing Cloud        Conj/Ice/Air   35%        6-21      1%          5
e - Conjure Ball Lightni  Conj/Air       41%        3x3d13    1%          6
f - Swiftness             Air            92%        N/A       0%          3
g - Cigotuvi's Dreadful   Necr/Pois/Air  100%       N/A       1%          2
h - Frozen Ramparts       Ice            42%        1d7       1%          3

Your spell library contained the following spells:

 Spells                   Type           Power      Damage    Failure   Level
 Static Discharge         Conj/Air       100%       2-7/arc   0%          2
 Freeze                   Ice            84%        1d9       1%          1
 Magic Dart               Conj           100%       1d8       1%          1
 Hailstorm                Conj/Ice       39%        3d9       1%          3
 Ignite Poison            Fire/Tmut/Pois 15%        N/A       3%          3
 Irradiate                Conj/Tmut      18%        3d17      3%          5
 Ensorcelled Hibernation  Hex/Ice        34%        N/A       4%          2
 Call Imp                 Summ           28%        N/A       7%          2
 Sublimation of Blood     Necr           14%        N/A       7%          2
 Spider Form              Tmut/Pois      16%        N/A       10%         3
 Anguish                  Hex/Necr       7%         N/A       41%         4
 Petrify                  Tmut/Erth      14%        N/A       41%         4


Dungeon Overview and Level Annotations

Branches:
Dungeon (10/15)            Temple (1/1) D:6            Lair (5/5) D:10
 Shoals (0/4) Lair:2       Spider (0/4) Lair:3        Slime (0/5) Lair:5
    Orc (0/2) D:9          Bailey (visited)         Volcano (visited)

Altars:
Ashenzari
Cheibriados
Dithmenos
Elyvilon
Fedhas
Gozag
Hepliaklqana
Kikubaaqudgha
Makhleb
Nemelex Xobeh
Okawaru
Qazlal
Ru
Sif Muna
Trog
Uskayaw
Vehumet
Wu Jian
Xom
Yredelemnul
Zin
The Shining One
Jiyva

Shops:
D:4 (?:   D:6 [

Annotations:
D:4 3 runed translucent doors, 60083410's ghost, amateur GrMo; Kave's ghost, amateur TrTm; LionelHutz's ghost, amateur MfIE; MinotaursOnly's ghost, weakling MiDe
D:8 1 transporter
D:9 3 runed translucent doors, Dega's ghost, journeyman SpHu


Innate Abilities, Weirdness & Mutations

You have a beak for a mouth.
You have claws for feet.
Your magical nature lets you fly swiftly and evasively.
You passively dampen the noise of your surroundings.


Message History

The blast of calcifying dust hits the death yak but does no damage.
The blast of calcifying dust hits you!
* * * LOW HITPOINT WARNING * * *
The death yak is engulfed in noxious fumes.
The death yak appears confused.
The wall freezes the death yak but does no damage.
The death yak misses you.
The death yak is engulfed in freezing vapours.
The wall freezes the death yak but does no damage.
Your frozen ramparts will break if you move.
Continue?
Okay, then.
Your frozen ramparts will break if you move.
Continue? [Y]es or [N]o only, please.
Your frozen ramparts will break if you move.
Continue?
Okay, then.
Your frozen ramparts will break if you move.
Continue?
The frozen ramparts melt away as you move.
The death yak is engulfed in freezing vapours.
You kill the death yak!
Vehumet accepts your kill.
You feel your power returning.
The death yak is engulfed in noxious fumes.
The death yak gores something.
The death yak is engulfed in noxious fumes.
The death yak appears confused.
Casting: Shock (safe; 0% risk of failure)
Confirm with . or Enter, or press ? or * to list all spells.
Aiming: Freezing Cloud (dangerous; 1% risk of failure)
Press: ? - help, Dir - move target, f - you You feel a surge of power!
That beam is likely to hit you.
Continue anyway?
Okay, then.
Casting: Freezing Cloud (dangerous; 1% risk of failure)
Confirm with . or Enter, or press ? or * to list all spells.
Aiming: Freezing Cloud (dangerous; 1% risk of failure)
Press: ? - help, Dir - move target You feel a surge of power!
That beam is likely to hit you.
Continue anyway?
You are engulfed in freezing vapours.
You die...

#.###
##...#####
#...§.....
#P○§°.##
#°YY÷.#
##Y#÷...#
##§§#
.YY..
##§§##
Y..÷ #§@♣#
#.. #§P§#
. #P§P#
#...#
##..#
#..##
#...#
#...##
#.÷..#


You could see 2 death yaks.

Vanquished Creatures
  3 hydras
  A boulder beetle (Lair:5)
  4 death yaks (Lair:5)
  4 skysharks
  A fire crab (Lair:5)
  An orb spider (Lair:3)
  An orc knight (Bailey)
  Maurice (D:8)
  24 elephants
  3 merfolk sirens (Lair:2)
  6 black mambas
  A torpor snail (Lair:5)
  9 cane toads
  2 gargoyles (Volcano)
  Maggie (D:7)
  6 komodo dragons
  An efreet (Volcano)
  A kobold demonologist (D:10)
  3 rime drakes
  2 trolls
  A polar bear (Lair:2)
  Grinder (D:6)
  4 dream sheep (Lair:5)
  A shadow (D:10)
  6 wyverns
  A fire elemental (Volcano)
  32 yaks
  4 basilisks
  A steam dragon (D:7)
  2 hell hounds (Lair:4)
  Duvessa (D:7)
  16 water moccasins
  2 ice beasts (D:6)
  5 orc warriors
  4 black bears
  2 ogres
  17 wolves
  2 centaurs (D:9)
  2 phantoms (D:6)
  A kobold brigand (D:8)
  11 bullfrogs
  4 scorpions
  3 wights (D:8)
  Dowan (D:7)
  15 killer bees
  2 electric eels (Lair:2)
  2 jellies (D:5)
  5 hounds
  13 orc priests
  3 sleepcaps
  7 hell rats
  An iguana (D:3)
  9 orc wizards
  11 adders
  8 gnolls (Bailey)
  A shadow imp (D:8)
  3 white imps
  2 ufetubi
  2 dart slugs
  57 orcs
  6 ball pythons
  5 bats
  11 endoplasms
  2 giant cockroaches
  3 goblins
  6 hobgoblins
  3 jackals (D:1)
  15 kobolds
  2 frilled lizards (D:2)
  6 rats
399 creatures vanquished.

Vanquished Creatures (others)
  2 ball lightnings (Lair:5)
2 creatures vanquished.

Grand Total: 401 creatures vanquished

Notes
Turn   | Place    | Note
-------+----------+-------------------------------------------
     0 | D:1      | Dawnplanks the Tengu Air Elementalist began the quest for
                  | the Orb.
     0 | D:1      | Reached XP level 1. HP: 10/10 MP: 4/4
   147 | D:1      | Reached XP level 2. HP: 15/15 MP: 3/6
   722 | D:1      | Reached XP level 3. HP: 19/19 MP: 4/7
  1275 | D:2      | Reached skill level 5 in Air Magic
  1831 | D:2      | Learned a level 3 spell: Mephitic Cloud
  2307 | D:3      | Reached XP level 4. HP: 24/24 MP: 2/8
  3043 | D:3      | Found a glowing silver altar of Zin.
  3219 | D:4      | Gained mutation: Your magical nature lets you fly swiftly
                  | and evasively. [Tengu growth]
  3219 | D:4      | Reached XP level 5. HP: 23/28 MP: 2/11
  3320 | D:4      | Found a runed translucent gate.
  3320 | D:4      | Found a runed translucent gate.
  3320 | D:4      | Found a runed translucent gate.
  3452 | D:4      | Noticed an ogre
  3632 | D:3      | Reached XP level 6. HP: 24/32 MP: 2/12
  3708 | D:4      | Reached skill level 6 in Air Magic
  3848 | D:4      | Found an opulent altar of Gozag.
  3862 | D:4      | Found a broken altar of Ashenzari.
  4074 | D:4      | Noticed Kave's ghost (amateur TrTm)
  4074 | D:4      | Noticed 60083410's ghost (amateur GrMo)
  4075 | D:4      | Noticed MinotaursOnly's ghost (weakling MiDe)
  4075 | D:4      | Noticed LionelHutz's ghost (amateur MfIE)
  4154 | D:4      | Learned a level 4 spell: Airstrike
  4191 | D:4      | Found Xetuh's Antique Weapon Boutique.
  4192 | D:4      | Found Lukanona's Magic Scroll Shop.
  4194 | D:4      | Found Zerchuab's Book Boutique.
  4200 | D:4      | Bought a scroll of identify for 22 gold pieces
  4282 | D:4      | Reached XP level 7. HP: 36/36 MP: 3/14
  4421 | D:5      | Entered Level 5 of the Dungeon
  4701 | D:5      | Reached skill level 5 in Conjurations
  4834 | D:5      | Reached skill level 7 in Air Magic
  5078 | D:5      | Reached skill level 5 in Spellcasting
  5772 | D:6      | Noticed Grinder
  5773 | D:6      | Paralysed by Grinder for 2 turns
  5776 | D:6      | Killed Grinder
  5777 | D:6      | Reached XP level 8. HP: 41/41 MP: 7/17
  6012 | D:5      | Reached skill level 8 in Air Magic
  6167 | D:6      | Reached skill level 1 in Staves
  6322 | D:6      | Found a sacrificial altar of Ru.
  6349 | D:6      | Found Ulacoy's Armour Shoppe.
  6626 | D:6      | Reached skill level 9 in Air Magic
  6875 | D:6      | Reached XP level 9. HP: 45/45 MP: 12/20
  7073 | D:6      | Found a glowing golden altar of the Shining One.
  7087 | D:6      | Found a snail-covered altar of Cheibriados.
  7525 | D:6      | Found a staircase to the Ecumenical Temple.
  7534 | Temple   | Entered the Ecumenical Temple
  7545 | Temple   | Became a worshipper of Vehumet
  7736 | D:7      | Noticed Duvessa
  7736 | D:7      | Noticed Dowan
  7739 | D:7      | Killed Duvessa
  7972 | D:7      | Reached skill level 10 in Air Magic
  8283 | D:7      | Killed Dowan
  8561 | D:7      | Noticed Maggie
  8616 | D:7      | Killed Maggie
  8847 | D:6      | Bought a +2 pair of gloves for 214 gold pieces
  8980 | D:7      | Found a hazy altar of Hepliaklqana.
  8984 | D:7      | Found an iron altar of Okawaru.
  8992 | D:7      | Found a stormy altar of Qazlal.
  9229 | D:8      | Found a flagged portal.
  9232 | D:8      | Noticed Maurice
  9237 | D:8      | Killed Maurice
  9238 | D:8      | Reached skill level 11 in Air Magic
  9238 | D:8      | Reached XP level 10. HP: 50/50 MP: 3/23
  9351 | Bailey   | Entered a bailey
  9353 | Bailey   | Gained mutation: You are frail. (-10% HP) [potion of
                  | mutation]
  9353 | Bailey   | Gained mutation: Your flesh is heat resistant. (rF+)
                  | [potion of mutation]
  9354 | Bailey   | Lost mutation: Your flesh is heat resistant. (rF+) [potion
                  | of mutation]
  9354 | Bailey   | Lost mutation: You are frail. (-10% HP) [potion of
                  | mutation]
  9354 | Bailey   | Gained mutation: You occasionally lose the ability to drink
                  | potions when taking damage. [potion of mutation]
  9354 | Bailey   | Gained mutation: You occasionally shout uncontrollably at
                  | your foes. [potion of mutation]
  9354 | Bailey   | Gained mutation: You are dopey. (Int -2) [potion of
                  | mutation]
  9676 | Bailey   | Noticed an orc knight
  9683 | Bailey   | Reached * piety under Vehumet
  9683 | Bailey   | Offered knowledge of Foxfire by Vehumet.
  9694 | Bailey   | Killed an orc knight
  9791 | Bailey   | Lost mutation: You occasionally shout uncontrollably at
                  | your foes. [potion of mutation]
  9791 | Bailey   | Lost mutation: You occasionally lose the ability to drink
                  | potions when taking damage. [potion of mutation]
  9791 | Bailey   | Lost mutation: You are dopey. (Int -2) [potion of mutation]
  9791 | Bailey   | Gained mutation: You passively dampen the noise of your
                  | surroundings. [potion of mutation]
  9827 | Bailey   | Acquired the amulet "Mogiaggu" {Acrobat Dex+6}
 10255 | D:8      | Found a transporter.
 10383 | D:8      | Learned a level 5 spell: Freezing Cloud
 10533 | D:8      | Reached skill level 1 in Poison Magic
 10777 | D:9      | Reached skill level 12 in Air Magic
 10922 | D:9      | Found a blossoming altar of Fedhas.
 11032 | D:9      | Reached ** piety under Vehumet
 11226 | D:9      | Found a staircase to the Orcish Mines.
 11228 | D:9      | Offered knowledge of Poisonous Vapours by Vehumet.
 11411 | D:9      | Found a runed translucent gate.
 11411 | D:9      | Found a runed translucent gate.
 11411 | D:9      | Found a runed translucent gate.
 11412 | D:9      | Noticed Dega's ghost (journeyman SpHu)
 11412 | D:9      | Noticed a kobold demonologist
 11413 | D:9      | Noticed a kobold demonologist
 11760 | D:9      | Reached skill level 10 in Spellcasting
 12441 | D:10     | Entered Level 10 of the Dungeon
 12507 | D:10     | Identified the +3 scimitar of the Onslaught {freeze, rPois
                  | Str+5}
 12599 | D:10     | Offered knowledge of Stone Arrow by Vehumet.
 12621 | D:10     | Reached XP level 11. HP: 55/55 MP: 4/26
 12969 | D:10     | Reached skill level 13 in Air Magic
 13027 | D:10     | Found a staircase to the Lair.
 13157 | D:10     | Reached *** piety under Vehumet
 13763 | Lair:1   | Entered Level 1 of the Lair of Beasts
 13876 | Lair:1   | Reached skill level 14 in Air Magic
 14020 | Lair:1   | Offered knowledge of Iskenderun's Mystic Blast by Vehumet.
 14030 | Lair:1   | Reached skill level 1 in Fighting
 14030 | Lair:1   | Reached skill level 10 in Conjurations
 14360 | Lair:1   | Reached XP level 12. HP: 60/60 MP: 16/28
 14620 | Lair:1   | Reached skill level 15 in Air Magic
 14972 | Lair:1   | You are sucked into a shaft and drop 1 floor!
 15120 | Lair:2   | Reached **** piety under Vehumet
 15208 | Lair:2   | Reached skill level 16 in Air Magic
 15328 | Lair:2   | Offered knowledge of Fulminant Prism by Vehumet.
 15478 | Lair:2   | Reached skill level 1 in Ice Magic
 15548 | Lair:2   | Noticed a seven-headed hydra
 15552 | Lair:2   | Killed a seven-headed hydra
 15837 | Lair:2   | Found a staircase to the Shoals.
 16546 | Lair:3   | Reached skill level 17 in Air Magic
 16546 | Lair:3   | Reached XP level 13. HP: 58/65 MP: 11/30
 17720 | Lair:3   | Found a hole to the Spider Nest.
 18489 | Lair:4   | Found a dark tunnel.
 18491 | Lair:4   | Reached skill level 5 in Dodging
 18524 | Volcano  | Entered a volcano
 19148 | Lair:4   | Reached skill level 18 in Air Magic
 20453 | Lair:5   | Entered Level 5 of the Lair of Beasts
 20989 | Lair:5   | Found a staircase to the Slime Pits.
 21000 | Lair:5   | Found a viscous altar of Jiyva.
 21080 | Lair:5   | Reached XP level 14. HP: 59/70 MP: 13/33
 21251 | Lair:5   | Reached ***** piety under Vehumet
 21252 | Lair:5   | Offered knowledge of Conjure Ball Lightning by Vehumet.
 21257 | Lair:5   | Reached skill level 19 in Air Magic
 21345 | Lair:5   | Learned a level 6 spell: Conjure Ball Lightning
 21353 | Lair:5   | Learned a level 3 spell: Swiftness
 21356 | Lair:5   | Learned a level 2 spell: Cigotuvi's Dreadful Rot
 21360 | Lair:5   | Learned a level 3 spell: Frozen Ramparts
 21805 | Lair:5   | Engulfed by a cloud of freezing vapour

Illustrated notes

Levels and vault maps discovered:
D:1:      minmay_arrival_wavy_path, layout_basic
D:2:      layout_loops_ring, shapermc_ecumenical_altar_petra, kennysheep_path_1,
          minmay_tetromino_s2
D:3:      layout_basic, zin_statuary
D:4:      layout_basic, cheibrodos_ashenzari_chains,
          mainiacjoe_overflow_six_doors_small, gammafunk_ghost_cemetery,
          nicolae_wooded_promenade, minmay_manual_moon
D:5:      kb_forest_paths, layout_basic, serial_rivers,
          chequers_serial_rivers_room_b, chequers_serial_rivers_micro_a,
          chequers_serial_rivers_room_b, chequers_serial_rivers_room_a
D:6:      layout_loops_ring, mainiacjoe_overflow_tiny_flanked,
          nicolae_overflow_hidden_temple, temple_hall, serial_shops,
          nicolae_shop_tiny_real_fake_doors, uniq_grinder
D:7:      layout_basic, grunt_temple_overflow_diamond, minmay_strange_pillars,
          uniq_duvessa, uniq_maggie
D:8:      layout_rooms, enter_bailey_2, minmay_holes, nicolae_diode_basic,
          uniq_maurice
D:9:      layout_stronghold, fedhas_bush_and_centaur_altar, david_orc_5,
          gammafunk_ghost_nasty_kobolds
D:10:     layout_irregular_city, minmay_lair_entry_grove
Temple:   nicolae_temple_hex_pool
Lair:1:   layout_roguey, uniq_amaemon, uniq_harold
Lair:2:   layout_chaotic_city, elwin_shoals_entry_rooms, serial_bayou_shore_a
Lair:3:   layout_layer_cave, nicolae_spider_entry_orb_guardian,
          serial_bayou_shore_b
Lair:4:   layout_layer_cave, enter_volcano_3, grunt_megastairs_2
Lair:5:   grunt_lair_end_beastmaster, layout_misc_corridors,
          dpeg_slime_entry_corner, serial_bayou_pond_a,
          infiniplex_staircase_pool, serial_bayou_shore_b

Skill      XL: |  1  2  3  4  5  6  7  8  9 10 11 12 13 14 |
---------------+-------------------------------------------+-----
Air Magic      | 5 6 7 9 11 12 14 17 18 19 | 19.3
Conjurations   | 2 3 4 5 6 7 9 10 11 | 11.6
Spellcasting   | 3 4 5 6 8 10 11 12 14 | 14.7
Dodging        | 3 4 5 |  5.1
Staves         | 1 2 |  2.3
Poison Magic   | 1 |  1.4
Fighting       | 1 |  1.5
Ice Magic      | 1 |  1.9
Stealth        | |  2.0
Evocations     | |  0.9

Action                     |  1- 3 |  4- 6 |  7- 9 | 10-12 | 13-15 || total
---------------------------+-------+-------+-------+-------+-------++-------
  Melee: Unarmed           |     2 |       |       |       |       ||     2
         Peck              |     1 |     4 |     8 |     8 |    10 ||    31
         Short sword       |     6 |       |       |       |       ||     6
         Staff             |       |    11 |    24 |    34 |    29 ||    98
         Kick              |       |     5 |    14 |    15 |    20 ||    54
   Cast: Shock             |    70 |    93 |   145 |   327 |    97 ||   732
         Mephitic Cloud    |       |     2 |     8 |    24 |    10 ||    44
         Airstrike         |       |     1 |    43 |   118 |   118 ||   280
         Freezing Cloud    |       |       |       |    14 |    25 ||    39
         Frozen Ramparts   |       |       |       |       |     6 ||     6
         Conjure Ball Ligh |       |       |       |       |     1 ||     1
  Evoke: Wand              |       |       |     6 |     2 |       ||     8
    Use: Scroll            |     4 |     3 |     4 |     4 |     5 ||    20
         Potion            |       |       |     1 |     3 |     1 ||     5
   Stab: Confused          |       |     1 |       |     5 |     3 ||     9
 Armour: Robe              |     3 |     2 |     2 |    15 |    11 ||    33
  Dodge: Dodged            |    11 |    32 |    72 |   158 |   104 ||   377

Table legend: (Time is in decaauts)
 A = Elapsed time spent in this place.
 B = Non-inter-level travel time spent in this place.
 C = Inter-level travel time spent in this place.
 D = Time resting spent in this place.
 E = Time spent auto-exploring this place.
 F = Levels seen in this place.
 G = Mean time per level.
                   A        B        C        D        E       F      G
               +--------+--------+--------+--------+--------+-----+--------+
         Total |  20922 |  19857 |   1065 |    785 |  16666 |  18 | 1162.3 |
       Dungeon |  12586 |  11729 |    857 |    535 |   9827 |  10 | 1258.6 |
        Temple |     67 |     57 |     10 |      0 |     45 |   1 |   67.0 |
          Lair |   7225 |   7029 |    196 |    250 |   6025 |   5 | 1445.0 |
        Bailey |    586 |    586 |      0 |      0 |    460 |   1 |  586.0 |
       Volcano |    455 |    455 |      0 |      0 |    307 |   1 |  455.0 |
               +--------+--------+--------+--------+--------+-----+--------+

Top non-repeatable levels by time:
     D:5: 1808 daAuts
  Lair:4: 1748 daAuts
  Lair:3: 1621 daAuts
     D:6: 1456 daAuts
     D:9: 1397 daAuts
  Lair:2: 1367 daAuts
  Lair:5: 1312 daAuts
    D:10: 1266 daAuts
     D:7: 1191 daAuts
  Lair:1: 1175 daAuts
     D:3: 1152 daAuts
     D:1: 1142 daAuts
     D:8: 1101 daAuts
     D:2: 1087 daAuts
     D:4: 984 daAuts
